 Dungeon Crawl Stone Soup version 0.22.0-6-g71bd7aa (webtiles) character file.

3236 Amnesiac the Zephyrmancer (level 9, -1/57 HPs)
             Began as a Mummy Air Elementalist on Aug 15, 2018.
             Was a Follower of Dithmenos.
             Killed from afar by Harold (14 damage)
             ... with a harpoon shot
             ... on level 8 of the Dungeon.
             The game lasted 00:14:17 (9249 turns).

Amnesiac the Zephyrmancer (Mummy Air Elementalist)  Turns: 9249, Time: 00:14:18

Health: -1/57      AC:  8    Str: 11    XL:     9   Next: 66%
Magic:  3/34       EV: 12    Int: 18    God:    Dithmenos [*.....]
Gold:   336        SH:  2    Dex: 12    Spells: 13/22 levels left

rFire    x . .     SeeInvis .   a - staff of power
rCold    + . .     Gourm    .   (no shield)
rNeg     + + +     Faith    .   r - +1 robe {Archmagi}
rPois    ∞         Spirit   .   d - +2 hat
rElec    .         Reflect  +   (no cloak)
rCorr    .         Harm     .   f - +2 pair of gloves
MR       +....                  (no boots)
Stlth    ++........             i - +2 amulet of reflection
HPRegen  0.19/turn              (no ring)
MPRegen  0.24/turn              (no ring)

@: marked, wreathed by umbra
A: no food or potions, fire vulnerability, cold resistance 1, negative energy
resistance 3, torment resistance, unbreathing
a: Renounce Religion


You were on level 8 of the Dungeon.
You worshipped Dithmenos.
Dithmenos was aware of your devotion.
You were not hungry.

You visited 2 branches of the dungeon, and saw 9 of its levels.

You collected 462 gold pieces.
You spent 126 gold pieces at shops.

Inventory:

Hand Weapons
 g - a +2 short sword of protection
Armour
 d - a +2 hat (worn)
 f - a +2 pair of gloves (worn)
 r - a +1 robe of the Archmagi (worn)
Magical Staves
 a - an uncursed staff of power (weapon)
Jewellery
 i - a +2 amulet of reflection (around neck)
Wands
 c - a wand of enslavement (9)
Scrolls
 b - 3 scrolls of remove curse {!r}
 e - 5 scrolls of teleportation {!r}
 h - 2 scrolls of amnesia {!r}
 j - 3 scrolls of identify {!r}
 k - 2 scrolls of magic mapping {!r}
 l - a scroll of enchant weapon {!r}
 m - 2 scrolls of silence {!r}
 o - a scroll of fear {!r}
 q - a scroll of blinking {!r}


   Skills:
 - Level 1.5 Dodging
 - Level 1.5 Stealth
 + Level 7.2 Spellcasting
 * Level 7.2 Conjurations
 - Level 8.0 Air Magic


You had 13 spell levels left.
You knew the following spells:

 Your Spells              Type           Power        Failure   Level  Hunger
a - Airstrike             Air            ######....   4%          4    N/A
b - Passwall              Tmut/Erth      #.......     16%         2    N/A
d - Shock                 Conj/Air       ####         1%          1    N/A
z - Swiftness             Chrm/Air       ####....     3%          2    N/A

Your spell library contained the following spells:

 Spells                   Type           Power        Failure   Level  Hunger
 Lightning Bolt           Conj/Air       ######....   13%         5    N/A
 Confuse                  Hex            #.......     32%         3    N/A
 Olgreb's Toxic Radiance  Pois           #.......     71%         4    N/A
 Sting                    Conj/Pois      ####         2%          1    N/A
 Tukima's Dance           Hex            #.......     32%         3    N/A
 Spider Form              Tmut/Pois      #.........   32%         3    N/A
 Ignite Poison            Fire/Tmut/Pois #.......     32%         3    N/A
 Ensorcelled Hibernation  Hex/Ice        #.....       16%         2    N/A
 Static Discharge         Conj/Air       ######..     1%          3    N/A
 Corona                   Hex            #......      11%         1    N/A
 Dazzling Spray           Conj/Hex       ####..       7%          3    N/A

Dungeon Overview and Level Annotations

Branches:
Dungeon (8/15)             Temple (1/1) D:5
   Lair: D:8-11

Altars:
Ashenzari
Cheibriados
Dithmenos
Elyvilon
Fedhas
Gozag
Hepliaklqana
Kikubaaqudgha
Makhleb
Nemelex Xobeh
Okawaru
Qazlal
Ru
Sif Muna
Trog
Uskayaw
Vehumet
Wu Jian
Xom
Yredelemnul
Zin
The Shining One

Shops:
D:5 %!((*

Annotations:
D:8 Harold


Innate Abilities, Weirdness & Mutations

You do not eat or drink.
Your flesh is vulnerable to fire.
You are immune to poison.
Your flesh is cold resistant. (rC+)
You are immune to negative energy. (rN+++)
You are immune to unholy pain and torment.
You can survive without breathing.


Message History

Harold is lightly wounded.
Harold points at you and mumbles some strange words.
The mark upon you grows brighter.
Casting: Airstrike (safe; 4% risk of failure)
Confirm with . or Enter, or press ? or * to list all spells.
Aiming: Airstrike (safe; 4% risk of failure)
Press: ? - help, Dir - move target cursor, f/p - Harold
Aim: Harold, wielding a short sword and wearing a chain mail (lightly wounded, umbra)
You feel a surge of power!
The air twists around and strikes Harold!
Harold is moderately wounded.
Harold hits you with a short sword!
Casting: Airstrike (safe; 4% risk of failure)
Confirm with . or Enter, or press ? or * to list all spells.
Aiming: Airstrike (safe; 4% risk of failure)
Press: ? - help, Dir - move target cursor, f/p - Harold
Aim: Harold, wielding a short sword and wearing a chain mail (moderately wounded, umbra)
You feel a surge of power!
The air twists around and strikes Harold!
Harold is heavily wounded.
Harold hits you with a short sword!
* * * LOW HITPOINT WARNING * * *
Casting: Airstrike (safe; 4% risk of failure)
Confirm with . or Enter, or press ? or * to list all spells.
Aiming: Airstrike (safe; 4% risk of failure)
Press: ? - help, Dir - move target cursor, f/p - Harold
Aim: Harold, wielding a short sword and wearing a chain mail (heavily wounded, umbra)
You feel a surge of power!
The air twists around and strikes Harold!
Harold is heavily wounded.
Harold hits you with a short sword!
* * * LOW HITPOINT WARNING * * *
Casting: Airstrike (safe; 4% risk of failure)
Confirm with . or Enter, or press ? or * to list all spells.
Aiming: Airstrike (safe; 4% risk of failure)
Press: ? - help, Dir - move target cursor, f/p - Harold
Aim: Harold, wielding a short sword and wearing a chain mail (heavily wounded, umbra)
You feel a surge of power!
The air twists around and strikes Harold!
Harold is severely wounded.
Harold barely misses you.
Unknown command.
Casting: Airstrike (safe; 4% risk of failure)
Confirm with . or Enter, or press ? or * to list all spells.
Aiming: Airstrike (safe; 4% risk of failure)
Press: ? - help, Dir - move target cursor, f/p - Harold
Aim: Harold, wielding a short sword and wearing a chain mail (severely wounded, umbra)
You feel a surge of power!
The air twists around and strikes Harold!
Harold is almost dead.
Harold closely misses you.
Unknown command.
Casting: Airstrike (safe; 4% risk of failure)
Confirm with . or Enter, or press ? or * to list all spells.
You don't have enough magic to cast that spell.
Unknown command.
Casting: Airstrike (safe; 4% risk of failure)
Confirm with . or Enter, or press ? or * to list all spells.
You don't have enough magic to cast that spell.
Unknown command.
Unknown command.
Harold casts a spell at you. The harpoon shot hits you!
You die...

#. #.# ##.####
##.....##
####(....#.### ###
#...........?###
..#
#.##[...........
P### ...##..>@##..
_#P# #.#.##.#.#.#
..####.##.##.#...@#
..#..............##
.###...##.##..####
####..#.#.#.#.#
#.##..##...##(#
..##..###.###.#
####..###.###†##


You could see Harold.

Vanquished Creatures
  The ghost of Rwicked the Bolt Thrower, an amateur MiHu of Okawaru (D:4)
  Prince Ribbit (D:6)
  A spriggan (D:7)
  A black bear (D:6)
  2 orc warriors
  2 phantoms
  A sky beast (D:6)
  3 ogres (D:5)
  3 centaurs
  4 big kobolds (D:3)
  Blork the orc (D:4)
  2 bullfrogs (D:7)
  A scorpion (D:4)
  A howler monkey (D:5)
  2 electric eels (D:6)
  2 bullfrog zombies
  A crimson imp (D:5)
  A jelly (D:7)
  6 orc priests
  A bullfrog skeleton (D:5)
  4 hounds
  Jessica (D:2)
  5 orc wizards
  2 worker ants
  9 adders
  4 gnolls (D:3)
  4 shadow imps
  An ooze (D:3)
  An adder skeleton (D:5)
  4 worms
  2 dart slugs
  5 leopard geckos
  25 orcs
  5 ball pythons
  5 giant cockroaches
  8 goblins
  11 hobgoblins
  16 jackals
  2 quokkas
  10 bats
  5 frilled lizards
  A giant cockroach zombie (D:6)
  A jackal skeleton (D:7)
  44 kobolds
  10 rats
222 creatures vanquished.

Notes
Turn   | Place    | Note
-------+----------+-------------------------------------------
     0 | D:1      | Amnesiac the Mummy Air Elementalist began the quest for the Orb.
     0 | D:1      | Reached XP level 1. HP: 13/13 MP: 4/4
   102 | D:2      | Found a hide-covered altar of Uskayaw.
   102 | D:2      | Found an iron altar of Okawaru.
   204 | D:2      | Reached skill level 1 in Conjurations
   270 | D:2      | Reached XP level 2. HP: 19/19 MP: 2/5
   326 | D:2      | Learned a level 2 spell: Swiftness
   340 | D:2      | Noticed Jessica
   347 | D:2      | Killed Jessica
   347 | D:2      | Reached XP level 3. HP: 24/24 MP: 0/7
   594 | D:2      | Found a bloodstained altar of Trog.
   741 | D:3      | Found an ancient bone altar of Kikubaaqudgha.
   751 | D:3      | Reached XP level 4. HP: 21/30 MP: 2/8
   757 | D:3      | Learned a level 4 spell: Airstrike
   924 | D:4      | Found a sparkling altar of Nemelex Xobeh.
  1016 | D:4      | Noticed a phantom
  1020 | D:4      | Found a radiant altar of Vehumet.
  1027 | D:4      | Reached skill level 3 in Air Magic
  1031 | D:4      | You fall through a shaft for 2 floors!
  1161 | D:6      | Found a sacrificial altar of Ru.
  1290 | D:5      | Entered Level 5 of the Dungeon
  1328 | D:5      | Reached XP level 5. HP: 35/35 MP: 9/9
  1378 | D:5      | Noticed a phantom
  1379 | D:5      | Noticed an ogre
  1389 | D:5      | Killed an ogre
  1389 | D:5      | Reached skill level 4 in Air Magic
  1394 | D:5      | Killed a phantom
  1394 | D:5      | Reached XP level 6. HP: 32/41 MP: 5/10
  1402 | D:5      | Reached skill level 5 in Air Magic
  1496 | D:5      | Found a shimmering altar of Xom.
  1706 | D:5      | Found Jooreozo's Assorted Antiques.
  1740 | D:5      | Found Micwil's Antique Weapon Shoppe.
  1740 | D:5      | Found Ruhir's Food Shoppe.
  1740 | D:5      | Found Dyrerylu's Distillery.
  1741 | D:5      | Found Xunahen's Weapon Shoppe.
  1828 | D:4      | Found a runed gate.
  1828 | D:4      | Found a runed gate.
  1828 | D:4      | Found a runed gate.
  1911 | D:4      | Noticed Rwicked's ghost (amateur MiHu)
  2045 | D:4      | Found a white marble altar of Elyvilon.
  2149 | D:4      | Reached skill level 6 in Air Magic
  2149 | D:4      | Reached XP level 7. HP: 39/46 MP: 11/11
  2218 | D:4      | Noticed Blork the orc
  2233 | D:4      | Killed Blork the orc
  2391 | D:4      | Found a burning altar of Makhleb.
  2640 | D:5      | Reached skill level 7 in Air Magic
  2839 | D:5      | Found a staircase to the Ecumenical Temple.
  2850 | Temple   | Entered the Ecumenical Temple
  3087 | D:5      | Bought a scroll labeled HUTAYT MEOWO for 27 gold pieces
  3087 | D:5      | Bought an embroidered robe for 99 gold pieces
  3960 | D:5      | Reached XP level 8. HP: 52/52 MP: 10/12
  4283 | D:6      | Identified Nutzan's Grimoire of Earth and Contamination
  4320 | D:6      | Learned a level 2 spell: Passwall
  4620 | D:6      | Reached skill level 8 in Air Magic
  5109 | D:6      | Noticed Prince Ribbit
  5113 | D:6      | Killed Prince Ribbit
  5681 | D:7      | Reached skill level 5 in Spellcasting
  5681 | D:7      | Reached skill level 5 in Conjurations
  5871 | D:7      | Reached XP level 9. HP: 40/57 MP: 16/16
  6165 | D:7      | Found a glowing golden altar of the Shining One.
  7098 | D:8      | Found an ornate altar of the Wu Jian Council.
  7101 | D:8      | Found a shadowy altar of Dithmenos.
  7104 | D:8      | Found a blossoming altar of Fedhas.
  7109 | D:8      | Became a worshipper of Dithmenos the Shadowed
  8098 | D:3      | Reached * piety under Dithmenos
  9030 | D:4      | Killed Rwicked's ghost
  9216 | D:8      | Noticed Harold
  9249 | D:8      | Killed from afar by Harold

Skill      XL: |  1  2  3  4  5  6  7  8  9 |
---------------+----------------------------+-----
Conjurations   | 1 2 3 5 7 |  7.2
Spellcasting   | 3 5 7 |  7.2
Air Magic      | 3 4 6 7 8 |  8.0
Dodging        | |  1.5
Stealth        | |  1.5

Action                   |  1- 3 |  4- 6 |  7- 9 || total
-------------------------+-------+-------+-------++-------
Melee: Unarmed           |     1 |       |       ||     1
       Short sword       |    21 |       |       ||    21
       Club              |    12 |       |       ||    12
       Staff             |       |       |    16 ||    16
 Cast: Shock             |    45 |    80 |   121 ||   246
       Airstrike         |       |     3 |   168 ||   171
       Passwall          |       |       |     1 ||     1
  Use: Scroll            |     2 |     5 |     7 ||    14
 Stab: Sleeping          |     1 |       |       ||     1
Armor: Robe              |    11 |     7 |    33 ||    51
Dodge: Dodged            |    31 |    18 |    72 ||   121
Block: Other             |       |       |     5 ||     5
